 Dungeon Crawl Stone Soup version 0.30-a0-1103-g25895a7845 (webtiles) character file.

Game seed: 2452631232884374017

1767413 aMcNicky the Wrestler (level 24, 245/245 HPs)
             Began as a Troll Artificer on Apr 15, 2023.
             Was the Champion of Nemelex Xobeh.
             Escaped with the Orb
             ... and 3 runes on Apr 18, 2023!
             The game lasted 03:28:09 (57829 turns).

aMcNicky the Wrestler (Troll Artificer)            Turns: 57829, Time: 03:28:09

Health: 245/245    AC: 31    Str: 35    XL:     24   Next: 54%
Magic:  34/34      EV:  7    Int:  7    God:    Nemelex Xobeh [******]
Gold:   3397       SH: 20    Dex: 15    Spells: 23/23 levels left

rFire   + . .      SeeInvis +      - Unarmed
rCold   + . .      Faith    .    h - +0 tower shield
rNeg    + . .      Spirit   +    s - +0 gold dragon scales of Ennui {Harm rPois rF+ rC+ rN+ Str+6}
rPois   +          Reflect  .    W - +2 hat
rElec   +          Rampage  .    G - +2 cloak {Will+}
rCorr   .          Harm     + .  (gloves unavailable)
Will    +++..                    (boots unavailable) Stlth
                                 g - amulet of guardian spirit
HPRegen 1.40/turn                o - +4 ring of protection
MPRegen 0.24/turn                b - ring "Isilauk" {rElec Will+ Int-4 Dex+7 SInv}

@: studying 2 skills
A: large, unfitting armour, claws 3, regeneration 1, shaggy fur 1, tough skin 1,
beak, clumsy 1, weak 1, subdued magic 1, MP-powered wands
0: Orb of Zot
}: 3/15 runes: barnacled, abyssal, gossamer
a: Renounce Religion, Draw Escape, Draw Destruction, Draw Summoning, Draw Stack,
Triple Draw, Deal Four, Stack Five


You escaped.
You worshipped Nemelex Xobeh.
Nemelex Xobeh was exalted by your worship.
You visited 11 branches of the dungeon, and saw 48 of its levels.
You visited the Abyss 2 times.
You also visited: Sewer and Desolation.

You collected 5779 gold pieces.
You spent 2382 gold pieces at shops.

Inventory:

Missiles
 v - 7 javelins
 w - 84 large rocks (quivered)
 Z - 10 throwing nets
Armour
 h - a +0 tower shield (worn)
 s - the +0 gold dragon scales of Ennui (worn) {Harm rPois rF+ rC+ rN+ Str+6}
   (You acquired it on level 4 of the Vaults)

   Str:       It affects your strength (+6).
   rF:        It protects you from fire.
   rC:        It protects you from cold.
   rPois:     It protects you from poison.
   rN:        It protects you from negative energy.
   Harm:      It increases damage dealt and taken.
 G - a +2 cloak of willpower (worn)
 W - a +2 hat (worn)
Jewellery
 b - the ring "Isilauk" (right claw) {rElec Will+ Int-4 Dex+7 SInv}
   (You bought it in a shop on level 11 of the Dungeon)

   [ring of see invisible]

   Int:       It affects your intelligence (-4).
   Dex:       It affects your dexterity (+7).
   rElec:     It insulates you from electricity.
   SInv:      It lets you see invisible.
   Will:      It increases your willpower.
 f - a ring of protection from fire
 g - an amulet of guardian spirit (around neck)
 n - a ring of positive energy
 o - a +4 ring of protection (left claw)
Wands
 k - a wand of mindburst (14)
 D - a wand of digging (5)
 E - a wand of charming (5)
 I - a wand of iceblast (4)
 L - a wand of polymorph (9)
 O - a wand of roots (31)
 P - a wand of paralysis (52)
 S - a wand of quicksilver (42)
 V - a wand of flame (92)
Scrolls
 a - 7 scrolls of poison
 d - 4 scrolls of silence {!r}
 e - 8 scrolls of vulnerability
 q - 5 scrolls of butterflies
 y - 5 scrolls of enchant weapon
 A - 4 scrolls of torment
 B - a scroll of blinking
 J - 9 scrolls of immolation
 N - 7 scrolls of fear
 R - 4 scrolls of fog
 T - 16 scrolls of teleportation
 X - a scroll of enchant armour
Potions
 c - 9 potions of attraction
 i - 3 potions of resistance
 j - 10 potions of ambrosia
 l - 8 potions of flight
 m - 6 potions of brilliance
 p - 3 potions of cancellation
 r - 3 potions of magic
 t - 5 potions of invisibility
 u - 10 potions of lignification
 x - 3 potions of berserk rage
 z - 4 potions of heal wounds
 C - 7 potions of might
 F - 11 potions of mutation
 H - 2 potions of haste
 Q - 19 potions of curing
Miscellaneous
 K - a phantom mirror
 U - a phial of floods
 Y - a tin of tremorstones (2/2)


   Skills:
 + Level 15.5 Fighting
 + Level 14.4 Throwing
 + Level 14.6 Armour
 * Level 7.2 Dodging
 - Level 0.3 Stealth
 + Level 16.9 Shields
 + Level 21.0 Unarmed Combat
 + Level 16.7 Invocations
 + Level 11.0 Evocations


You had 23 spell levels left.
You didn't know any spells.
Your spell library contained the following spells:

 Spells                   Type           Power      Damage    Failure   Level
 Apportation              Tloc           0%         N/A       100%        1
 Foxfire                  Conj/Fire      0%         2x1d4     100%        1
 Magic Dart               Conj           0%         1d3       100%        1
 Necrotise                Necr           0%         1d4       100%        1
 Slow                     Hex            0%         N/A       100%        1
 Summon Small Mammal      Summ           0%         N/A       100%        1
 Call Imp                 Summ           0%         N/A       100%        2
 Cigotuvi's Dreadful Rot  Necr/Pois/Air  0%         N/A       100%        2
 Ensorcelled Hibernation  Hex/Ice        0%         N/A       100%        2
 Lesser Beckoning         Tloc           0%         N/A       100%        2
 Passwall                 Tmut/Erth      0%         N/A       100%        2
 Confusing Touch          Hex            0%         N/A       100%        3
 Dazzling Flash           Conj/Hex       0%         N/A       100%        3
 Frozen Ramparts          Ice            0%         1d1       100%        3
 Gell's Gravitas          Tloc           0%         N/A       100%        3
 Ignite Poison            Fire/Tmut/Pois 0%         N/A       100%        3
 Inner Flame              Hex/Fire       0%         N/A       100%        3
 Mephitic Cloud           Conj/Pois/Air  0%         N/A       100%        3
 Ozocubu's Armour         Ice            0%         N/A       100%        3
 Swiftness                Air            0%         N/A       100%        3
 Teleport Other           Tloc           0%         N/A       100%        3
 Vhi's Electric Charge    Tloc/Air       0%         N/A       100%        3
 Volatile Blastmotes      Fire/Tloc      0%         2d10      100%        3
 Animate Armour           Summ/Erth      0%         N/A       100%        4
 Animate Dead             Necr           0%         N/A       100%        4
 Ice Form                 Ice/Tmut       0%         N/A       100%        4
 Iskenderun's Mystic Bla  Conj/Tloc      0%         2d3       100%        4
 Manifold Assault         Tloc           0%         N/A       100%        4
 Petrify                  Tmut/Erth      0%         N/A       100%        4
 Sticky Flame             Conj/Fire      0%         2d3       100%        4
 Summon Ice Beast         Ice/Summ       0%         N/A       100%        4
 Arcjolt                  Conj/Air       0%         1d10      100%        5
 Blade Hands              Tmut           0%         N/A       100%        5
 Borgnjor's Vile Clutch   Necr/Erth      0%         N/A       100%        5
 Fireball                 Conj/Fire      0%         3d3       100%        5
 Freezing Cloud           Conj/Ice/Air   0%         6-21      100%        5
 Iskenderun's Battlesphe  Conj           0%         2d6       100%        5
 Metabolic Englaciation   Hex/Ice        0%         N/A       100%        5
 Yara's Violent Unravell  Hex/Tmut       0%         3d3       100%        5
 Conjure Ball Lightning   Conj/Air       0%         3x3d6     100%        6
 Death Channel            Necr           0%         N/A       100%        6
 Dispersal                Tloc           0%         N/A       100%        6
 Eringya's Noxious Bog    Tmut/Pois      0%         N/A       100%        6
 Iron Shot                Conj/Erth      0%         9d1       100%        6
 Plasma Beam              Fire/Air       0%         2x1d11    100%        6
 Simulacrum               Ice/Necr       0%         N/A       100%        6
 Starburst                Conj/Fire      0%         6d3       100%        6
 Statue Form              Tmut/Erth      0%         N/A       100%        6
 Enfeeble                 Hex            0%         N/A       100%        7
 Orb of Destruction       Conj           0%         9d5       100%        7
 Disjunction              Tloc           0%         N/A       100%        8
 Ignition                 Fire           0%         3d3       100%        8
 Maxwell's Capacitive Co  Air            0%         ∞         100%        8
 Shatter                  Erth           0%         3d5*      100%        9


Dungeon Overview and Level Annotations

Branches:
Dungeon (15/15)            Temple (1/1) D:4            Lair (5/5) D:9
 Shoals (4/4) Lair:2       Spider (4/4) Lair:3        Slime (0/5) Lair:5
    Orc (2/2) D:9             Elf (3/3) Orc:2        Vaults (4/5) D:13
  Crypt (0/3) Vaults:3     Depths (4/4) D:15           Hell (visited)
    Zot (5/5) Depths:4      Sewer (visited)         Desolation (visited)
    Dis: Hell:1         Geh: Hell:1         Coc: Hell:1         Tar: Hell:1

Altars:
Ashenzari
Cheibriados
Dithmenos
Elyvilon
Fedhas
Gozag
Hepliaklqana
Kikubaaqudgha
Makhleb
Nemelex Xobeh
Okawaru
Qazlal
Ru
Sif Muna
Trog
Uskayaw
Vehumet
Wu Jian
Xom
Yredelemnul
Zin
The Shining One
Jiyva
Lugonu

Shops:
D:4 !?(   D:11 (=![*   Orc:2 **([   Elf:1 [   Shoals:1 :   Vaults:2 !
Vaults:3 =   Vaults:4 *

Portals:
Hell: Depths:1 Depths:2 Depths:3 Depths:4
Abyss: Elf:3 Depths:2 Depths:3
Pandemonium: Depths:2 Depths:3
Ziggurat: Depths:1
Trove: Depths:4 (lose all piety)

Annotations:
Spider:3 1 runed translucent door, GrimJard's ghost, adept HOMo
Spider:4 Roxanne
Elf:2 1 runed translucent door, Yfesuf's ghost, adept CeHu
Depths:1 4 transporters
Hell Geryon
Zot:5 exclusion: upstairs


Innate Abilities, Weirdness & Mutations

You are too large for most types of armour.
You have claws for hands.
Your natural rate of healing is unusually fast.
You are covered in fur. (AC +1)
You have tough skin. (AC +1)
You have a beak for a mouth.
You are clumsy. (Dex -2)
You are weak. (Str -2)
Your spells are a little easier to cast, but a little less powerful.
You expend magic power (3 MP) to strengthen your wands.


Message History

(V) Vaults (C) Crypt (U) Depths (H) Hell (Z) Zot
Where to? (Enter - D:1, ? - help)
You see here a +0 halberd.
There is a stone staircase leading up here.
You climb upwards.
There is a stone staircase leading down here.
An Executioner comes into view.
The Executioner gestures.
The Executioner seems to speed up.
You scratch the Executioner.
The Executioner is lightly wounded.
You block the Executioner's attack. x3
The Executioner hits you but does no damage. x3
You eviscerate the Executioner!!!
You kill the Executioner!
There is a stone staircase leading up here.
You climb upwards.
There is a stone staircase leading down here.
(D) Dungeon (T) Temple (L) Lair (A) Shoals (N) Spider Nest (M) Slime Pits (O) Orcish Mines (E) Elven Halls (V) Vaults (C) Crypt (U) Depths (H) Hell (Z) Zot
Where to? (Enter - D:1, ? - help)
An Orb Guardian comes into view.
You closely miss the Orb Guardian. You peck the Orb Guardian.
The Orb Guardian is lightly wounded.
You block the Orb Guardian's attack.
You eviscerate the Orb Guardian!!!
The Orb Guardian is severely wounded.
You block the Orb Guardian's attack.
You scratch the Orb Guardian. Your peck misses the Orb Guardian.
The Orb Guardian is severely wounded.
The Orb Guardian hits you.
You mangle the Orb Guardian!!
You kill the Orb Guardian!
(D) Dungeon (T) Temple (L) Lair (A) Shoals (N) Spider Nest (M) Slime Pits (O) Orcish Mines (E) Elven Halls (V) Vaults (C) Crypt (U) Depths (H) Hell (Z) Zot
Where to? (Enter - D:1, ? - help) HP restored.
There is a stone staircase leading up here.
You climb upwards.
There is a stone staircase leading down here.
There is a stone staircase leading up here.
You climb upwards.
There is a stone staircase leading down here.
There is a staircase leading out of the dungeon here.
You have escaped!

## ##.#.......#...#.........# #.
.# #....#######.#######..#.####.
.# ###..# ##.......## #..#.....>
.# #..###.........###..######. †#
#..##...........##..######.
.######..#.............#..#......
........##.............##........
.####..#.#.............#.#..####.
.# #..#.........@.........#..# #.
.# ##..#.#.............#.#..## #.
######..##.............##..#####.
##.......#.............#.........
.#.......##...........##..#####..
.'.....).###.........###..# #.#
##.......# ##.......## #..#####.#
#.......#######.#######........#
#....(.......#...#........######


There were no monsters in sight!

Vanquished Creatures
  4 orbs of fire (Zot:5)
  Margery (Depths:3)
  A caustic shrike (Depths:3)
  A curse toe (Zot:3)
  4 golden dragons
  A bone dragon (Abyss:1)
  A pandemonium lord (D:15)
  Arachne (Spider:4)
  3 electric golems
  A Tzitzimitl (D:8)
  A hellephant (Depths:3)
  A Brimstone Fiend (D:15)
  6 tentacled monstrosities
  2 liches
  Jorgrun (Shoals:1)
  A Hell Sentinel (Depths:3)
  4 deep elf blademasters
  24 Orb Guardians
  3 quicksilver dragons
  A titan (Vaults:3)
  Asterion (Depths:1)
  4 deep elf master archers (Elf:3)
  An Executioner (D:4)
  A death cob (Zot:5)
  A walking divine tome (Depths:3)
  4 sphinxes
  4 tentacled starspawn
  3 shadow dragons
  A tengu reaver (Depths:4)
  Ilsuiw (Shoals:4)
  Kirke (Spider:1)
  4 storm dragons
  Agnes (Spider:1)
  2 azure jellies (Vaults:2)
  2 draconian monks
  6 frost giants
  A draconian scorcher (Zot:5)
  9 deep elf sorcerers
  12 vault wardens
  9 fire giants
  An iron dragon (Depths:4)
  An emperor scorpion (Spider:4)
  6 ghost moths
  A draconian annihilator (Zot:5)
  A deep elf elementalist (Elf:3)
  2 draconian stormcallers (Zot:5)
  2 orc warlords
  A spriggan defender (Depths:4)
  18 ironbound preservers
  29 very ugly things
  4 ironbound thunderhulks
  8 stone giants
  2 broodmothers (Spider:2)
  2 green draconians
  9 deep elf demonologists
  A vampire knight (Depths:1)
  A black draconian (Depths:4)
  15 dire elephants
  Azrael (Elf:1)
  A white draconian (Depths:4)
  A halazid warlock (Desolation)
  A purple draconian (Zot:5)
  3 spark wasps
  2 red draconians
  11 deep elf annihilators
  3 merfolk javelineers (Shoals:4)
  3 ettins
  8 deep elf death magi (Elf:3)
  10 yaktaur captains
  A crystal guardian (Vaults:1)
  9 fire dragons
  8 entropy weavers
  A ragged hierophant (Desolation)
  6 merfolk impalers
  9 deep elf high priests
  3 jiangshi
  12 vault guards
  2 hydras
  A quicksilver dragon skeleton (Vaults:4)
  4 rakshasas
  3 great orbs of eyes
  7 ice dragons
  Erolcha (D:12)
  2 radroaches
  2 hell beasts
  2 salamander tyrants
  An alligator snapping turtle (Shoals:3)
  2 peacekeepers
  6 spriggan air magi
  An ogre mage (Vaults:4)
  A satyr (Shoals:1)
  8 centaur warriors
  3 merfolk aquamancers
  9 ironbound frosthearts
  4 boulder beetles
  A jorogumo (Spider:1)
  6 two-headed ogres
  A satyr (shapeshifter) (Vaults:4)
  24 dancing weapons
  2 catoblepae
  10 deep troll shamans
  9 tengu warriors
  A death scarab (Spider:3)
  6 deep troll earth magi
  Urug (D:9)
  2 orc high priests (Orc:1)
  10 spriggan berserkers
  2 vampire magi
  4 spriggans
  3 hell knights
  A wretched star (Abyss:3)
  Nergalle (D:12)
  6 skysharks
  35 deep elf knights
  Amaemon (Lair:1)
  A fire crab (Lair:5)
  A sixfirhy (Abyss:1)
  5 pharaoh ants
  A skeletal warrior (D:10)
  69 deep trolls
  4 iron trolls
  A salamander mystic (Depths:2)
  Lodul (D:12)
  3 glowing orange brains
  A shadow demon (Depths:2)
  4 flayed ghosts
  2 sun moths
  7 orb spiders
  11 ironbound convokers
  9 sea snakes
  An obsidian statue (Zot:5)
  13 deep elf archers
  A swamp dragon (shapeshifter) (Elf:3)
  9 harpies
  6 orc knights
  11 lindwurms
  A phantasmal warrior (Vaults:3)
  5 steelbarb worms
  A tengu zombie (Vaults:1)
  7 wizards
  37 deep elf zephyrmancers
  7 necromancers
  28 deep elf pyromancers
  A sphinx zombie (Vaults:4)
  A harpy (shapeshifter) (D:13)
  16 wolf spiders
  35 ugly things
  5 orc sorcerers
  2 salamanders (Depths:2)
  3 fauns (Shoals:2)
  16 cyclopes
  2 worldbinders
  6 merfolk sirens
  A guardian serpent (shapeshifter) (D:10)
  18 manticores
  6 black mambas
  A guardian serpent (Vaults:3)
  10 demonic crawlers
  10 vault sentinels
  An apocalypse crab (Abyss:3)
  12 moths of wrath
  An orange demon (Lair:1)
  8 water nymphs
  A molten gargoyle (Lair:5)
  7 elephants
  A gargoyle (D:14)
  A smoke demon (Abyss:1)
  7 torpor snails
  2 unseen horrors
  5 cane toads
  An efreet (D:13)
  2 kobold demonologists
  13 komodo dragons
  34 yaktaurs
  7 rime drakes
  A tengu conjurer (Depths:2)
  A freezing wraith (D:11)
  An ancient zyme (Abyss:3)
  A queen bee (Lair:3)
  A harpy zombie (Abyss:3)
  4 trolls
  4 wind drakes
  A hydra skeleton (Abyss:1)
  3 meliai
  3 raiju
  30 tarantellas
  3 polar bears
  17 blink frogs
  25 merfolk
  3 saltlings
  5 hornets
  10 dream sheep
  41 slime creatures
  An ettin zombie (Vaults:4)
  9 snapping turtles
  A blink frog (shapeshifter) (D:13)
  18 jumping spiders
  A centaur simulacrum (D:15)
  2 air elementals (Elf:1)
  An ettin skeleton (Vaults:1)
  21 culicivoras
  3 shadows
  2 small abominations
  51 yaks
  2 ynoxinuls
  9 water elementals
  2 hogs (Spider:1)
  A wraith (D:13)
  3 wyverns
  12 fire elementals
  5 basilisks
  6 large abominations
  4 wargs
  52 redbacks
  4 steam dragons
  A chaos spawn (D:9)
  4 swamp worms
  A two-headed ogre zombie (D:9)
  6 vampire mosquitoes
  3 hell hounds
  A water moccasin (shapeshifter) (Elf:2)
  A glowing shapeshifter skeleton (Vaults:4)
  An entropy weaver zombie (Vaults:4)
  13 water moccasins
  39 orc warriors
  Pargi (Sewer)
  5 ice beasts
  5 black bears
  3 sky beasts (D:7)
  An ettin simulacrum (Vaults:1)
  10 ogres
  A tengu (D:12)
  4 boggarts (Lair:5)
  14 starcursed masses (Abyss:3)
  10 wolves
  9 centaurs
  A phantom (D:5)
  10 kobold brigands
  Blork the orc (D:5)
  12 bullfrogs
  A gnoll sergeant (D:10)
  2 earth elementals
  3 wights (D:8)
  A troll zombie (D:9)
  29 killer bees
  An electric eel (Lair:2)
  3 howler monkeys
  5 lava snakes (Lair:5)
  2 quasits (Abyss:1)
  A gnoll bouda (D:10)
  3 hounds
  17 orc priests
  5 jellies
  3 iron imps
  3 sleepcaps
  Terence (D:2)
  4 iguanas
  22 orc wizards
  6 ogre zombies (D:9)
  Robin (D:2)
  12 gnolls
  2 river rats (D:6)
  9 adders
  5 white imps
  2 ufetubi
  4 worms
  A worm (shapeshifter) (Vaults:3)
  2 dart slugs
  95 orcs
  12 endoplasms
  6 giant cockroaches
  12 goblins
  5 hobgoblins
  10 jackals
  4 quokkas
  8 ball pythons
  4 bats
  10 frilled lizards
  A goblin skeleton (D:9)
  4 goblin zombies (D:9)
  2 hobgoblin skeletons (D:9)
  A hobgoblin zombie (D:9)
  35 kobolds
  5 orc skeletons (D:9)
  12 orc zombies (D:9)
  5 rats
  3 starspawn tentacles (Abyss:1)
1900 creatures vanquished.

Vanquished Creatures (collateral kills)
  Mara (Spider:4)
  Mennas (Vaults:2)
  A golden dragon (Zot:5)
  Jory (Vaults:4)
  Nikola (Spider:4)
  A walking earthen tome (Depths:2)
  A storm dragon (Elf:3)
  A vault warden (Vaults:2)
  A ghost moth (Lair:4)
  A spriggan defender (Depths:2)
  A deep elf elementalist (Elf:3)
  An ironbound preserver (Vaults:2)
  A very ugly thing (Depths:2)
  A green draconian (Zot:5)
  A black draconian (Zot:5)
  A red draconian (Zot:5)
  A yellow draconian (Zot:5)
  An ettin (Vaults:4)
  An ice dragon (Depths:2)
  A boulder beetle (Vaults:4)
  A dancing weapon (Elf:2)
  2 deep troll earth magi (Depths:4)
  2 tengu warriors (D:15)
  A deep troll (Depths:4)
  A steelbarb worm (Spider:4)
  An ironbound convoker (Vaults:2)
  A lindwurm (Lair:5)
  A deep elf pyromancer (Elf:2)
  A manticore (D:15)
  2 wolf spiders
  An orc sorcerer (D:9)
  A worldbinder (Abyss:1)
  A vault sentinel (Vaults:4)
  A molten gargoyle (Lair:5)
  A demonic crawler (Spider:3)
  A yaktaur (Vaults:2)
  2 dream sheep (Lair:2)
  A jumping spider (Spider:4)
  A slime creature (Vaults:2)
  A yak (Lair:3)
  6 redbacks
  A basilisk (Lair:5)
  A steam dragon (Lair:5)
  A neqoxec (Abyss:1)
  A hell hound (Lair:5)
  2 orc warriors (Orc:2)
  A black bear (Spider:2)
  5 wolves (Lair:2)
  A scorpion (Spider:2)
  4 wights (D:6)
  A hound (D:6)
  2 orc wizards (Orc:2)
  A shadow imp (D:6)
  9 orcs
  An endoplasm (D:2)
81 creatures vanquished.

Vanquished Creatures (others)
  A tengu reaver (Depths:2)
  An air elemental (Elf:3)
  4 humans (Spider:1)
  A redback (Lair:3)
  A water moccasin (Lair:5)
  3 gnolls (D:2)
  2 orcs
  A kobold (D:12)
  26 fungi
  A lurking horror (Elf:3)
  45 plants
  5 starspawn tentacles
91 creatures vanquished.

Grand Total: 2072 creatures vanquished

Notes
Turn   | Place    | Note
-------+----------+-------------------------------------------
     0 | D:1      | aMcNicky the Troll Artificer began the quest for the Orb.
     0 | D:1      | Reached XP level 1. HP: 18/18 MP: 0/0
    58 | D:1      | Reached skill level 1 in Fighting
    76 | D:1      | Reached skill level 1 in Unarmed Combat
   333 | D:1      | Reached XP level 2. HP: 27/27 MP: 1/1
   871 | D:2      | Reached skill level 2 in Unarmed Combat
   946 | D:2      | Reached XP level 3. HP: 33/33 MP: 2/2
  1045 | D:2      | Noticed Robin
  1111 | D:2      | Killed Robin
  1177 | D:2      | Noticed Terence
  1179 | D:2      | Reached XP level 4. HP: 42/42 MP: 3/3
  1190 | D:2      | Reached skill level 3 in Unarmed Combat
  1203 | D:2      | Killed Terence
  1736 | D:3      | Reached XP level 5. HP: 48/49 MP: 4/4
  1928 | D:3      | Reached skill level 4 in Unarmed Combat
  1944 | D:3      | Found a sparkling altar of Nemelex Xobeh.
  1963 | D:3      | Became a worshipper of Nemelex Xobeh the Trickster
  2456 | D:4      | Found a staircase to the Ecumenical Temple.
  2471 | Temple   | Entered the Ecumenical Temple
  2664 | D:4      | Found Kaucejemm's Distillery.
  2667 | D:4      | Found Jihadais's Magic Scroll Shop.
  2674 | D:4      | Bought a potion of curing for 30 gold pieces
  2681 | D:4      | Bought a scroll of fear for 48 gold pieces
  2713 | D:4      | Found Jiotsue's Antique Weapon Shoppe.
  2863 | D:4      | Reached * piety under Nemelex Xobeh
  2951 | D:5      | Entered Level 5 of the Dungeon
  2959 | D:5      | Reached skill level 1 in Invocations
  2970 | D:5      | Reached XP level 6. HP: 59/59 MP: 5/5
  3052 | D:5      | Found a glowing golden altar of the Shining One.
  3075 | D:5      | Reached skill level 5 in Unarmed Combat
  3146 | D:5      | Reached skill level 3 in Fighting
  3271 | D:5      | Reached XP level 7. HP: 67/67 MP: 7/7
  3289 | D:5      | Received a gift from Nemelex Xobeh
  3474 | D:5      | Noticed Blork the orc
  3480 | D:5      | Killed Blork the orc
  3669 | D:5      | Reached skill level 6 in Unarmed Combat
  3853 | D:6      | Reached skill level 3 in Invocations
  3861 | D:6      | Reached XP level 8. HP: 51/78 MP: 9/9
  3899 | D:6      | Found an opulent altar of Gozag.
  3927 | D:6      | Reached skill level 1 in Shields
  3927 | D:6      | Reached skill level 7 in Unarmed Combat
  4095 | D:6      | Found a glowing drain.
  4106 | Sewer    | Entered a sewer
  4143 | Sewer    | Noticed Pargi
  4151 | Sewer    | Killed Pargi
  4152 | Sewer    | Reached skill level 3 in Shields
  4413 | D:6      | Reached ** piety under Nemelex Xobeh
  4417 | D:6      | Reached skill level 8 in Unarmed Combat
  4444 | D:6      | Found a white marble altar of Elyvilon.
  4699 | D:7      | Reached XP level 9. HP: 77/85 MP: 11/11
  5112 | D:7      | Found a basalt altar of Yredelemnul.
  5823 | D:8      | Reached skill level 9 in Unarmed Combat
  6236 | D:9      | Noticed a two-headed ogre
  6354 | D:9      | Found a staircase to the Orcish Mines.
  6384 | D:9      | Reached XP level 10. HP: 78/96 MP: 12/12
  6504 | D:9      | Found a bloodstained altar of Trog.
  6504 | D:9      | Found a shadowy altar of Dithmenos.
  6591 | D:10     | Entered Level 10 of the Dungeon
  6689 | D:10     | Reached skill level 6 in Shields
  6746 | D:10     | Reached skill level 10 in Unarmed Combat
  6986 | D:10     | Found a stormy altar of Qazlal.
  7127 | D:10     | Reached skill level 6 in Fighting
  7127 | D:10     | Reached skill level 1 in Armour
  7175 | D:9      | Reached *** piety under Nemelex Xobeh
  7339 | D:9      | Reached skill level 6 in Invocations
  7366 | D:9      | Killed a two-headed ogre
  7493 | D:9      | Reached XP level 11. HP: 91/106 MP: 14/14
  7626 | D:9      | Found a staircase to the Lair.
  7674 | D:9      | Received a gift from Nemelex Xobeh
  7769 | Orc:1    | Entered Level 1 of the Orcish Mines
  7771 | Orc:1    | Noticed an orc sorcerer
  7771 | Orc:1    | Noticed an orc sorcerer
  7772 | Orc:1    | Noticed Urug
  7792 | Orc:1    | Noticed a sixfirhy
  7805 | Orc:1    | Noticed an orc high priest
  7810 | D:9      | Paralysed by an orc sorcerer for 4 turns
  7812 | D:9      | Killed an orc sorcerer
  7848 | Orc:1    | Noticed a sixfirhy
  7918 | Lair:1   | Entered Level 1 of the Lair of Beasts
  7929 | Lair:1   | Noticed a boulder beetle
  7948 | Lair:1   | Killed a boulder beetle
  8064 | Lair:1   | Noticed Amaemon
  8076 | Lair:1   | Killed Amaemon
  8077 | Lair:1   | Reached skill level 3 in Armour
  8440 | Lair:1   | Reached skill level 11 in Unarmed Combat
  8505 | Lair:1   | Received a gift from Nemelex Xobeh
  8758 | Lair:1   | Received a gift from Nemelex Xobeh
  9248 | Lair:2   | Reached XP level 12. HP: 57/118 MP: 16/16
  9658 | Lair:2   | Reached **** piety under Nemelex Xobeh
  9811 | Lair:2   | Found a staircase to the Shoals.
  9932 | Lair:2   | Received a gift from Nemelex Xobeh
 10069 | Lair:3   | Noticed a catoblepas
 10140 | Lair:3   | Identified 2 scrolls of acquirement
 10142 | Lair:3   | Acquired a +2 kite shield of reflection
 10154 | Lair:3   | Acquired a manual of Unarmed Combat
 10307 | Lair:3   | Found a hole to the Spider Nest.
 10437 | Lair:3   | Found the +4 skin of Zhor {*Englaciate rC+++ SInv}
 10470 | Lair:3   | Reached skill level 12 in Unarmed Combat
 10550 | Lair:3   | Killed a catoblepas
 10806 | Lair:3   | Reached skill level 9 in Shields
 10860 | Lair:3   | You fall into a shaft and drop 2 floors!
 10860 | Lair:5   | Entered Level 5 of the Lair of Beasts
 10895 | Lair:4   | Received a gift from Nemelex Xobeh
 11505 | Lair:3   | Reached XP level 13. HP: 100/128 MP: 18/18
 11733 | Lair:3   | Reached skill level 13 in Unarmed Combat
 11741 | Lair:4   | Reached skill level 6 in Armour
 11922 | Lair:4   | Killed a ghost moth
 11923 | Lair:4   | Reached skill level 9 in Invocations
 12532 | Lair:5   | Received a gift from Nemelex Xobeh
 12585 | Lair:5   | Found a staircase to the Slime Pits.
 12585 | Lair:5   | Found a viscous altar of Jiyva.
 12682 | Lair:5   | Reached skill level 9 in Fighting
 12699 | Lair:5   | Reached ***** piety under Nemelex Xobeh
 13098 | Lair:5   | Reached skill level 14 in Unarmed Combat
 13268 | Lair:5   | Received a gift from Nemelex Xobeh
 13541 | Lair:5   | Noticed a fire dragon
 13606 | Lair:5   | Found a large runed translucent door.
 13613 | Lair:5   | Found a large runed translucent door.
 13971 | Lair:5   | fire dragon scales?
 14649 | D:10     | Reached XP level 14. HP: 103/140 MP: 20/20
 14685 | D:10     | Identified the +2 scimitar of Fiapnuk {drain, rC+ Str+3}
 14804 | D:11     | Found Ynedim's Distillery.
 14840 | D:11     | Bought a potion of heal wounds for 65 gold pieces
 14840 | D:11     | Bought a potion of resistance for 130 gold pieces
 14992 | D:11     | Found Ymem's Weapon Boutique.
 15005 | D:11     | Found Qijoni's Jewellery Boutique.
 15018 | D:11     | Bought the ring "Isilauk" {rElec Will+ Int-4 Dex+7 SInv}
                  | for 695 gold pieces
 15148 | D:11     | Found Berrirocs's General Store.
 15161 | D:11     | Received a gift from Nemelex Xobeh
 15170 | D:11     | Found Feput's Antique Armour Boutique.
 15775 | D:12     | Noticed Erolcha
 15782 | D:12     | Reached skill level 1 in Throwing
 15785 | D:12     | Killed Erolcha
 15847 | D:12     | Received a gift from Nemelex Xobeh
 15909 | D:12     | Identified the +8 war axe "Zirimiet" {freeze, rN+ MP-9
                  | Str+4}
 16249 | D:12     | Noticed Lodul
 16275 | D:12     | Reached skill level 15 in Unarmed Combat
 16281 | D:12     | Killed Lodul
 16359 | D:12     | Noticed Nergalle
 16364 | D:12     | Killed Nergalle
 16829 | D:13     | Found a gate to the Vaults.
 17653 | D:14     | Received a gift from Nemelex Xobeh
 17920 | D:14     | Reached skill level 3 in Throwing
 18552 | D:15     | Entered Level 15 of the Dungeon
 18607 | D:15     | Paralysed by an orc sorcerer for 3 turns
 18944 | D:15     | Found a radiant altar of Vehumet.
 19138 | D:15     | Noticed a stone giant
 19160 | D:15     | Killed a stone giant
 19161 | D:15     | Reached XP level 15. HP: 63/150 MP: 22/22
 19247 | D:15     | Found a staircase to the Depths.
 19279 | D:15     | Reached ****** piety under Nemelex Xobeh
 19279 | D:15     | Received a gift from Nemelex Xobeh
 19323 | D:15     | Reached skill level 16 in Unarmed Combat
 19600 | D:9      | Killed Urug
 19904 | Orc:1    | Received a gift from Nemelex Xobeh
 20120 | Orc:2    | Entered Level 2 of the Orcish Mines
 20120 | Orc:2    | Found a staircase to the Elven Halls.
 20146 | Orc:2    | Received a gift from Nemelex Xobeh
 20531 | Orc:2    | Identified the +1 long sword of the Mauling Whale {protect,
                  | *Rage rC+ SInv}
 20558 | Orc:2    | Found Omonnev's Antique Weapon Emporium.
 20605 | Orc:2    | Found Ocvyxea's Antique Armour Shoppe.
 20717 | Orc:2    | Found Rafrose's Assorted Antiques.
 20791 | Orc:2    | Bought a scroll of identify for 64 gold pieces
 20791 | Orc:2    | Bought a scroll of fear for 128 gold pieces
 20846 | Orc:2    | Received a gift from Nemelex Xobeh
 21023 | Orc:2    | Found Toid's Assorted Antiques.
 21029 | Orc:2    | Bought a scroll of teleportation for 81 gold pieces
 21029 | Orc:2    | Bought a wand of roots (2) for 129 gold pieces
 21029 | Orc:2    | Bought a scroll of enchant armour for 202 gold pieces
 21029 | Orc:2    | Bought a scroll of teleportation for 81 gold pieces
 21029 | Orc:2    | Bought a scroll of identify for 54 gold pieces
 21621 | Spider:1 | Entered Level 1 of the Spider Nest
 21649 | Lair:3   | Upgraded the game from 0.30-a0-1082-g70414cbcbb to
                  | 0.30-a0-1094-g860fb061e7
 22169 | Spider:1 | Noticed Kirke
 22182 | Spider:1 | Killed Kirke
 22263 | Spider:1 | Paralysed by a jorogumo for 2 turns
 22483 | Spider:1 | Reached skill level 9 in Armour
 22907 | Spider:1 | Identified the +0 pair of boots "Buhih" {rF+}
 22925 | Spider:1 | Noticed Agnes
 22935 | Spider:1 | Killed Agnes
 23486 | Spider:2 | Reached skill level 12 in Shields
 23682 | Spider:2 | Reached XP level 16. HP: 151/162 MP: 23/23
 24106 | Spider:2 | Received a gift from Nemelex Xobeh
 24158 | Spider:2 | Reached skill level 3 in Evocations
 24301 | Spider:3 | Noticed Louise
 24329 | Spider:2 | Louise changed into Louise the broodmother
 24329 | Spider:2 | Noticed Louise
 24335 | Spider:2 | Killed Louise the broodmother
 24470 | Spider:2 | Reached skill level 6 in Throwing
 24931 | Spider:3 | Reached skill level 17 in Unarmed Combat
 25113 | Spider:3 | Found a runed translucent door.
 25113 | Spider:3 | Noticed GrimJard's ghost (adept HOMo)
 25183 | Spider:3 | Identified the -2 hand axe "Cuce" {flame, Str+4 Int+2}
 25693 | Spider:3 | Identified the +5 battleaxe "Datia" {heavy, rPois}
 25997 | Spider:4 | Entered Level 4 of the Spider Nest
 26303 | Spider:4 | Noticed Arachne
 26307 | Spider:4 | Killed Arachne
 26308 | Spider:4 | Reached skill level 12 in Invocations
 26732 | Spider:4 | Identified Roxanne's Vellum of Reformation
 26732 | Spider:4 | Noticed Roxanne
 27136 | Spider:4 | Noticed Mara
 27150 | Spider:4 | Noticed aMcNicky's illusion
 27159 | Spider:4 | Killed Mara
 27275 | Spider:4 | Noticed Nikola
 27284 | Spider:4 | Killed Nikola
 27740 | Spider:4 | Reached XP level 17. HP: 164/171 MP: 23/25
 27760 | Spider:4 | Received a gift from Nemelex Xobeh
 27769 | Spider:4 | Got a gossamer rune of Zot
 27776 | Spider:4 | Reached XP level 18. HP: 179/179 MP: 26/26
 28264 | Vaults:1 | Entered Level 1 of the Vaults
 28453 | Vaults:1 | Received a gift from Nemelex Xobeh
 29511 | Vaults:1 | Reached skill level 9 in Throwing
 29785 | Vaults:1 | Received a gift from Nemelex Xobeh
 30544 | Vaults:1 | Reached skill level 12 in Fighting
 31131 | Vaults:2 | Identified the +7 short sword "Jyor" {speed, rElec Str-2
                  | Dex+4}
 31946 | Vaults:2 | Received a gift from Nemelex Xobeh
 31968 | Vaults:2 | Identified the -1 trident of Iconoclasm {drain, rPois
                  | Stlth+}
 32114 | Vaults:2 | Noticed Mennas
 32129 | Vaults:2 | Killed Mennas
 32130 | Vaults:2 | Reached XP level 19. HP: 141/189 MP: 15/27
 32141 | Vaults:2 | Reached skill level 18 in Unarmed Combat
 32325 | Vaults:2 | Reached skill level 6 in Evocations
 32592 | Vaults:2 | Found Nusunuaf's Distillery.
 32601 | Vaults:2 | Bought a potion of curing for 57 gold pieces
 32601 | Vaults:2 | Bought a potion of heal wounds for 95 gold pieces
 32601 | Vaults:2 | Bought a potion of curing for 57 gold pieces
 32601 | Vaults:2 | Bought a potion of heal wounds for 95 gold pieces
 33301 | Vaults:2 | Noticed Zenata
 33311 | Vaults:2 | Zenata changed into Zenata the two-headed ogre
 33311 | Vaults:2 | Noticed Zenata
 33313 | Vaults:2 | Killed Zenata the two-headed ogre
 33547 | Vaults:3 | Found a staircase to the Crypt.
 33547 | Vaults:3 | Found a basalt altar of Yredelemnul.
 33548 | Vaults:3 | Found an ancient bone altar of Kikubaaqudgha.
 33680 | Vaults:3 | Found a crumbling gateway.
 33731 | Desolati | Entered the Desolation of Salt
 34093 | Vaults:3 | Received a gift from Nemelex Xobeh
 34240 | Vaults:3 | Identified the +2 leather armour "Qimmaf" {+Inv rN+ Str-3}
 34508 | Vaults:3 | Found Vyha Mai's Jewellery Boutique.
 34862 | Vaults:3 | Received a gift from Nemelex Xobeh
 36306 | Vaults:4 | Reached XP level 20. HP: 164/201 MP: 23/29
 36683 | Vaults:4 | Noticed Jory
 36695 | Vaults:4 | Received a gift from Nemelex Xobeh
 36698 | Vaults:4 | Killed Jory
 37202 | Vaults:4 | Found Bufoj's Assorted Antiques.
 37210 | Vaults:4 | Bought a glowing hat for 161 gold pieces
 37445 | Vaults:4 | Received a gift from Nemelex Xobeh
 37711 | Vaults:4 | Found a huge runed gate.
 37711 | Vaults:4 | Found a huge runed gate.
 37711 | Vaults:4 | Found a huge runed gate.
 37908 | Vaults:4 | Found a huge runed gate.
 37909 | Vaults:4 | Found a huge runed gate.
 37909 | Vaults:4 | Found a huge runed gate.
 37909 | Vaults:4 | Found a huge runed gate.
 37910 | Vaults:4 | Found a huge runed gate.
 37910 | Vaults:4 | Found a huge runed gate.
 37910 | Vaults:4 | Found a huge runed gate.
 37914 | Vaults:4 | Found a huge runed gate.
 37914 | Vaults:4 | Found a huge runed gate.
 37914 | Vaults:4 | Found a huge runed gate.
 37914 | Vaults:4 | Found a huge runed gate.
 37914 | Vaults:4 | Found a huge runed gate.
 37914 | Vaults:4 | Found a huge runed gate.
 37915 | Vaults:4 | Found a huge runed gate.
 37916 | Vaults:4 | Found a huge runed gate.
 37917 | Vaults:4 | Found a huge runed gate.
 37925 | Vaults:4 | Found a huge runed gate.
 37925 | Vaults:4 | Found a huge runed gate.
 37925 | Vaults:4 | Found a huge runed gate.
 37925 | Vaults:4 | Found a huge runed gate.
 37925 | Vaults:4 | Found a huge runed gate.
 37925 | Vaults:4 | Found a huge runed gate.
 37926 | Vaults:4 | Found a huge runed gate.
 37947 | Vaults:4 | Found a huge runed gate.
 37948 | Vaults:4 | Found a huge runed gate.
 37956 | Vaults:4 | Found a huge runed gate.
 37956 | Vaults:4 | Found a huge runed gate.
 37956 | Vaults:4 | Found a huge runed gate.
 37956 | Vaults:4 | Found a huge runed gate.
 37956 | Vaults:4 | Found a huge runed gate.
 37956 | Vaults:4 | Found a huge runed gate.
 37957 | Vaults:4 | Found a huge runed gate.
 37966 | Vaults:4 | Found a huge runed gate.
 38482 | Vaults:4 | Acquired the +0 gold dragon scales of Ennui {Harm rPois rF+
                  | rC+ rN+ Str+6}
 38523 | Vaults:4 | Upgraded the game from 0.30-a0-1094-g860fb061e7 to
                  | 0.30-a0-1103-g25895a7845
 38799 | Elf:1    | Entered Level 1 of the Elven Halls
 38841 | Elf:1    | Paralysed by an air elemental for 1 turns
 38929 | Elf:1    | Noticed Azrael
 38946 | Elf:1    | Killed Azrael
 39073 | Elf:1    | Found Enles's Armour Boutique.
 39140 | Elf:1    | Reached skill level 12 in Armour
 39251 | Elf:1    | Received a gift from Nemelex Xobeh
 40067 | Elf:2    | Paralysed by an air elemental for 1 turns
 40167 | Elf:1    | Reached skill level 19 in Unarmed Combat
 40300 | Elf:2    | Noticed Yfesuf's ghost (adept CeHu)
 40312 | Elf:2    | Received a gift from Nemelex Xobeh
 40348 | Elf:2    | Found a runed translucent door.
 40348 | Elf:2    | Found the +8 orange crystal plate armour {Archmagi, Int+3
                  | Clar}
 40417 | Elf:2    | Found a runed translucent gate.
 40418 | Elf:2    | Found a runed translucent gate.
 40418 | Elf:2    | Found a runed translucent gate.
 41046 | Elf:2    | Reached XP level 21. HP: 183/211 MP: 25/30
 41247 | Elf:2    | Received a gift from Nemelex Xobeh
 41363 | Elf:3    | Entered Level 3 of the Elven Halls
 41788 | Elf:3    | Found a corrupted altar of Lugonu.
 41794 | Elf:3    | Found a shimmering blue altar of Sif Muna.
 41799 | Elf:3    | Found a one-way gate to the infinite horrors of the Abyss.
 42346 | Elf:3    | Noticed Aizul
 42543 | Elf:2    | Reached skill level 12 in Throwing
 42730 | Elf:3    | Reached skill level 15 in Shields
 42761 | Elf:3    | Identified the +2 leather armour of Makhleb's Grace
                  | {Rampage rC- Dex+4}
 42792 | Elf:3    | Aizul changed into Aizul the catoblepas
 42792 | Elf:3    | Noticed Aizul
 42794 | Elf:3    | Killed Aizul the catoblepas
 42798 | Elf:3    | Identified the +2 trident of the Lumpy Mice {flame, Str+3}
 43339 | Elf:3    | Identified the staff of air "Mamnus" {rElec rPois rCorr
                  | Str+2}
 43678 | Elf:3    | Identified the staff of earth "Zusakhie" {rF+ Int+3 Dex+3}
 43746 | Elf:3    | Identified the staff of poison "Jitukauj" {*Slow rPois
                  | rF+++ Int+4 Stlth-}
 43969 | Elf:3    | Identified the +4 scale mail "Wocsua Lofe" {rCorr}
 44108 | Elf:3    | Identified the ring of Liberty {rF+ Dex+6 Stlth+}
 44352 | Elf:3    | Got the Guide on Earth and Blight
 44356 | Elf:3    | Got Sif Muna's Spellbook of the Star-crossed Boggart
 45031 | D:4      | Bought a potion of haste for 100 gold pieces
 45031 | D:4      | Bought a potion of curing for 30 gold pieces
 45031 | D:4      | Bought a potion of mutation for 80 gold pieces
 45218 | Shoals:1 | Entered Level 1 of the Shoals
 45279 | Shoals:1 | Reached skill level 15 in Invocations
 45343 | Shoals:1 | Received a gift from Nemelex Xobeh
 45512 | Shoals:1 | Noticed Jorgrun
 45528 | Shoals:1 | Killed Jorgrun
 45612 | Shoals:1 | Received a gift from Nemelex Xobeh
 46287 | Shoals:2 | Found a snail-covered altar of Cheibriados.
 46359 | Shoals:2 | Reached skill level 9 in Evocations
 46379 | Shoals:3 | Received a gift from Nemelex Xobeh
 46577 | Shoals:2 | Reached XP level 22. HP: 209/223 MP: 29/32
 46729 | Shoals:4 | Entered Level 4 of the Shoals
 46857 | Shoals:4 | Identified the staff of fire "Pouseobb" {rF+ rC- rN++
                  | Dex+8}
 47203 | Shoals:4 | Noticed Ilsuiw
 47225 | Shoals:4 | Killed Ilsuiw
 47501 | Shoals:4 | Got a barnacled rune of Zot
 47840 | Elf:3    | Voluntarily entered the Abyss.
 47841 | Abyss:1  | Received a gift from Nemelex Xobeh
 47875 | Abyss:1  | Paralysed by accursed screaming for 1 turns
 47917 | Abyss:1  | Paralysed by you for 2 turns
 48014 | Abyss:1  | Received a gift from Nemelex Xobeh
 48051 | Abyss:1  | Gained mutation: You are dopey. (Int -2) [a neqoxec]
 48346 | Abyss:2  | Received a gift from Nemelex Xobeh
 48361 | Abyss:3  | Found a corrupted altar of Lugonu.
 48395 | Abyss:3  | Found a corrupted altar of Lugonu.
 48503 | Elf:3    | Escaped the Abyss
 48621 | Elf:3    | Voluntarily entered the Abyss.
 48630 | Abyss:3  | Received a gift from Nemelex Xobeh
 48734 | Abyss:3  | Got an abyssal rune of Zot
 48806 | Elf:3    | Escaped the Abyss
 49162 | Depths:1 | Entered Level 1 of the Depths
 49287 | Depths:1 | You fall into a shaft and drop 1 floor!
 49287 | Depths:2 | Received a gift from Nemelex Xobeh
 49441 | Depths:2 | Reached skill level 20 in Unarmed Combat
 49730 | Depths:2 | Found a one-way gate leading to the halls of Pandemonium.
 49741 | Depths:2 | Found an iron altar of Okawaru.
 50443 | Depths:2 | Found a gateway to Hell.
 50615 | Depths:2 | Received a gift from Nemelex Xobeh
 51068 | Depths:1 | Found a transporter.
 51072 | Depths:1 | Reached XP level 23. HP: 205/229 MP: 28/33
 51166 | Depths:1 | Found a one-way gateway to a ziggurat.
 51277 | Depths:1 | Found a transporter.
 51739 | Depths:1 | Found a transporter.
 51957 | Depths:1 | Found a transporter.
 52024 | Depths:1 | Noticed Asterion
 52035 | Depths:1 | Killed Asterion
 52108 | Depths:1 | Received a gift from Nemelex Xobeh
 52241 | Hell     | Entered the Vestibule of Hell
 52241 | Hell     | Noticed Geryon
 52490 | Depths:3 | Noticed Margery
 52639 | Depths:3 | Killed Margery
 52672 | Depths:3 | Reached skill level 15 in Fighting
 53081 | Depths:3 | Noticed a caustic shrike
 53086 | Depths:3 | Killed a caustic shrike
 53628 | Depths:4 | Entered Level 4 of the Depths
 53733 | Depths:4 | Paralysed by a sphinx for 5 turns
 53942 | Depths:4 | Received a gift from Nemelex Xobeh
 54002 | Depths:4 | Identified the +2 robe of the Final Lives {*Slow Str+4}
 54320 | Depths:4 | Found a portal to a secret trove of treasure.
 54415 | Depths:4 | Found a gate to the Realm of Zot.
 54798 | Zot:1    | Entered Level 1 of the Realm of Zot
 54798 | Zot:1    | Received a gift from Nemelex Xobeh
 54892 | Zot:2    | Acquired a manual of Dodging
 54954 | Zot:3    | Noticed a curse toe
 54959 | Zot:3    | Killed a curse toe
 55106 | Zot:5    | Entered Level 5 of the Realm of Zot
 55122 | Zot:5    | Reached skill level 3 in Dodging
 55659 | Zot:5    | Reached XP level 24. HP: 86/245 MP: 14/34
 56529 | Zot:5    | Noticed an orb of fire
 56530 | Zot:5    | Noticed a Killer Klown
 56544 | Zot:5    | Gained mutation: You occasionally lose the ability to read
                  | scrolls when taking damage. [an orb of fire]
 56545 | Zot:5    | Killed an orb of fire
 56546 | Zot:5    | Lost mutation: You are dopey. (Int -2) [potion of mutation]
 56546 | Zot:5    | Lost mutation: You occasionally lose the ability to read
                  | scrolls when taking damage. [potion of mutation]
 56546 | Zot:5    | Gained mutation: You are partially covered in iridescent
                  | scales. (AC +2) [potion of mutation]
 56546 | Zot:5    | Gained mutation: You are clumsy. (Dex -2) [potion of
                  | mutation]
 56548 | Zot:5    | Noticed an orb of fire
 56551 | Zot:5    | Noticed an orb of fire
 56556 | Zot:5    | Killed an orb of fire
 56566 | Zot:5    | Gained mutation: You are frail. (-10% HP) [an orb of fire]
 56570 | Zot:5    | Killed an orb of fire
 56685 | Zot:5    | Received a gift from Nemelex Xobeh
 56704 | Zot:5    | Noticed an orb of fire
 56707 | Zot:5    | Identified the +0 quarterstaff of World's End {freeze,
                  | SInv}
 56712 | Zot:5    | Gained mutation: Armour fits poorly on your strangely
                  | shaped body. [an orb of fire]
 56715 | Zot:5    | Gained mutation: Your spells are a little easier to cast,
                  | but a little less powerful. [an orb of fire]
 56723 | Zot:5    | Killed an orb of fire
 56815 | Zot:5    | Lost mutation: You are frail. (-10% HP) [potion of
                  | mutation]
 56815 | Zot:5    | Lost mutation: Armour fits poorly on your strangely shaped
                  | body. [potion of mutation]
 56815 | Zot:5    | Lost mutation: You are partially covered in iridescent
                  | scales. (AC +2) [potion of mutation]
 56815 | Zot:5    | Gained mutation: You are weak. (Str -2) [potion of
                  | mutation]
 56815 | Zot:5    | Gained mutation: You expend magic power (3 MP) to
                  | strengthen your wands. [potion of mutation]
 56815 | Zot:5    | Gained mutation: You have a beak for a mouth. [potion of
                  | mutation]
 56887 | Zot:5    | Reached skill level 6 in Dodging
 57243 | Zot:5    | Got the Orb of Zot
 57491 | D:15     | Noticed Poefiel the pandemonium lord
 57498 | D:15     | Killed Poefiel the pandemonium lord
 57532 | D:15     | Reached skill level 21 in Unarmed Combat
 57538 | D:15     | Noticed Atoagrerra the pandemonium lord
 57700 | D:6      | Noticed Heilun the pandemonium lord
 57829 | D:$      | Escaped with the Orb!

Illustrated notes

*###≈≈≈≈...÷.....§..≈# ##......
##8##≈...#).........≈##*####.....
8#..#...≈##...##....§§##≈≈##.....
.....#≈≈§≈≈#§≈§≈#...≈≈#§≈≈##.....
.....##≈≈≈≈≈≈≈§§≈.^..≈§§#**#.....
......##≈######≈≈...§≈≈≈# #.....
......§§##$...##§§....§§## #.....
.....≈≈§#)$....#≈≈≈....≈8###.....
.....§≈≈#$....D+@......≈###......
.....≈§≈#(.....+......≈≈8##......
.....#≈§#?=....#≈≈§...≈≈###......
...###≈.##$...##≈≈...≈≈####<.....
.#...#.≈.######≈≈#...§≈8##.......
###§..≈§≈..≈≈≈§≈≈##..≈§###.......
#§≈≈#).#≈≈≈≈###≈####≈≈####.......
§≈≈###...≈≈^..######≈## #........
§≈##8....#≈§...##§§≈≈# ##........


Turn 13971 on Lair:5: fire dragon scales?

Levels and vault maps discovered:
D:1:      psy_arrival_dodecagon, layout_basic
D:2:      layout_loops_cross, uniq_robin, uniq_terence
D:3:      layout_basic, mainiacjoe_overflow_brackets
D:4:      layout_basic, minmay_temple_entry_statues_pillars, serial_shops, shop,
          nicolae_shop_advertising_works [nicolae_subvault_shop_adworks],
          nicolae_shop_temple_entry_statues_fountains
D:5:      layout_loops_cross, mainiacjoe_overflow_alcove_1,
          minmay_misc_feat_alley, chequers_hall_statues_y, uniq_blork_the_orc
D:6:      layout_rooms, general_overflow_altar, amcnicky_altar_gilded,
          gup_sewer_entry_bubbles, kennysheep_generic_room_9
D:7:      layout_basic, kennysheep_mini_moat
D:8:      layout_basic
D:9:      layout_basic, jmf_multi_god_temple, lair_entry_dummy,
          zombieorc2_lemuel, hex_intersection, minmay_between
D:10:     minmay_cornered_nines, layout_loops_corners,
          nicolae_qazlal_scattered_showers
D:11:     minmay_bloctagon_deflated, layout_cave_pods, serial_shops, shop,
          nicolae_shop_stone, nicolae_shop_back_alley_shop, shop, shop,
          minmay_unpleasant_kobolds
D:12:     layout_stronghold, uniq_lodul, uniq_erolcha, uniq_nergalle
D:13:     layout_basic, david_vaults_4
D:14:     layout_layer_cave, minmay_misc_feat_plants
D:15:     grunt_enter_depths_snipers, layout_rooms, nicolae_vehumet_radiance
Temple:   jpeg_temple_clearing
Lair:1:   layout_regular_city, worms_lemuel, grunt_megastairs_5,
          infiniplex_staircase_pool, uniq_amaemon
Lair:2:   layout_loops_ring, elwin_shoals_entry_rooms, serial_bayou_shore_b
Lair:3:   layout_loops_ring, hellmonk_spider_entry_life_and_decay,
          hellmonk_guarded_unrand_zhor
Lair:4:   layout_loops_ring, special_room [special_room_bee]
Lair:5:   cheibrodos_lair_end_hotspot, layout_regular_city,
          minmay_slime_entry_pillars, portal_ice_cave_entry_animals_and_master,
          kilobyte_rumbling_trees
Shoals:1: nicolae_shoals_offshore_bank_account, layout_shoals, serial_shops,
          nicolae_shop_window_shopping, st_shoals_ruin, uniq_jorgrun
Shoals:2: layout_shoals, nicolae_shoals_square_sea_wall, lemuel_centaur_altar
Shoals:3: layout_shoals, nicolae_shoals_goliath_grotto
Shoals:4: shoals_end_simple, layout_shoals, shoals_ilsuiw_ice, uniq_polyphemus
Spider:1: layout_spider_delve, nicolae_spider_shape, uniq_agnes, uniq_kirke
Spider:2: layout_spider_delve, hive_lemuel
Spider:3: layout_spider_delve, ebering_ghost_inner_flame,
          nicolae_spider_cling_halls, uniq_louise
Spider:4: grunt_spider_rune_parallel, drop_trap,
          nicolae_spider_twisty_arc_passages, uniq_roxanne, uniq_nikola,
          uniq_arachne, uniq_mara
Orc:1:    layout_caves, nicolae_orc_damp_corner, mines2_david, uniq_urug
Orc:2:    grunt_orc_community_town_hall, layout_caves,
          grunt_orc_community_big_house_2, grunt_orc_community_big_house_1,
          grunt_orc_community_house_2, grunt_orc_community_house_3,
          grunt_orc_community_house_2, grunt_orc_community_house_2, basic_altar,
          nicolae_orc_tapped_out
Elf:1:    layout_geoelf_grid, serial_shops, shop, kennysheep_underground_church,
          nrook_mini_backslash, uniq_azrael
Elf:2:    nicolae_elf_blades_crystal_corner, layout_rooms,
          hellmonk_ghost_big_iron
Elf:3:    nooodl_elf_gasket, layout_rooms, basic_altar,
          amcnicky_altar_lugonu_corruption, uniq_aizul
Vaults:1: v_misc_16, v_rooms_5, grunt_vaults_swirl, ontoclasm_vaults_gateway,
          hangedman_vaults_locks, grunt_vaults_twisty, v_misc_33, v_misc_26,
          layout_vaults_omnigrid
Vaults:2: hangedman_vaults_stretched_pinwheel, hangedman_vaults_unwind,
          ontoclasm_vaults_decontamination, v_misc_3, v_alt_pattern_6,
          vaults_standard_mumra_enter_the_diamond,
          nicolae_vaults_big_angled_halls, v_rooms_2, v_misc_22, v_pattern_5,
          layout_vaults_omnicross, serial_shops,
          nicolae_shop_tiny_statue_garden, uniq_mennas, uniq_zenata
Vaults:3: portal_desolation_entry_nicolae_nacl, nicolae_vaults_specimen_jars,
          vaults_room_octagon, nicolae_vaults_display_case,
          nicolae_vaults_circle_grid_b, hangedman_vaults_trim,
          minmay_crypt_entry_necro_gods, nicolae_vaults_little_ls,
          grunt_vaults_focal, v_misc_4, v_pattern_4,
          vaults_room_grunt_arrival_checkpoint, layout_vaults_big_room,
          serial_shops, nicolae_shop_window_shopping
Vaults:4: v_misc_25, ontoclasm_vaults_ring_large, door_vault,
          ontoclasm_vaults_idyll, hangedman_vaults_cutoff, v_misc_28,
          nicolae_vaults_network_s, ontoclasm_vaults_eye,
          nicolae_vaults_little_squares_6, v_misc_16,
          hangedman_vaults_restitches, nicolae_vaults_little_squares_6,
          vaults_standard_mumra_enter_the_diamond, layout_vaults_omnibox,
          serial_shops, shop, uniq_jory
Depths:1: layout_gridlike, enter_ziggurat_f, grunt_hell_entry_dis_grunt,
          grunt_ministairs_7, chequers_serial_rivers_micro_b,
          nicolae_transporter_intersection, uniq_asterion
Depths:2: minmay_quarter_circles, layout_gridlike, hell_entry, pan_entry,
          hangedman_abyss_entry_splay,
          hellmonk_okawaru_the_only_friend_you_need, hangedman_corner_corridor,
          infiniplex_staircase_pool_2
Depths:3: minmay_firetagon, layout_cave_shapes,
          nicolae_abyss_entry_one_way_or_another, pan_entry, hell_entry,
          minmay_misc_feat_room, minmay_fractal_squares_gapless_7, uniq_margery
Depths:4: evilmike_zot_entry_basic, layout_long_grid, hell_entry, enter_trove_5,
          minmay_misc_feat_columns
Hell
Zot:1:    layout_cellular_growth, hangedman_zot_decor_scrapings,
          guppyfry_library_mini
Zot:2:    layout_onion_interference, gammafunk_ghost_cemetery,
          lemuel_baited_zot_trap, st_stairs_8
Zot:3:    layout_concentric_octagons, serial_nicolae_subway,
          nicolae_sub_station_metal, nicolae_sub_station_stone,
          nicolae_sub_station_crystal
Zot:4:    layout_basic
Zot:5:    layout_twisted_circle

Skill      XL: |  1  2  3  4  5  6  7  8  9 10 11 12 13 14 15 16 17 18 19 20 21 22 23 24 |
---------------+-------------------------------------------------------------------------+-----
Fighting       | 1 2 3 4 5 6 7 8 9 10 11 12 13 14 15 | 15.5
Unarmed Combat | 1 2 3 4 5 6 8 9 10 11 12 14 15 16 17 18 19 20 21 | 21.0
Invocations    | 1 2 3 4 5 6 7 8 9 10 11 12 13 14 15 16 | 16.7
Shields        | 3 5 7 8 9 10 11 12 13 14 15 16 | 16.9
Armour         | 2 4 5 7 8 9 10 11 12 13 14 | 14.6
Throwing       | 3 5 7 8 9 10 11 12 13 14 | 14.4
Evocations     | 4 5 7 8 9 10 11 | 11.0
Dodging        | 3 7 |  7.2
Stealth        | |  0.3

Action                     |  1- 3 |  4- 6 |  7- 9 | 10-12 | 13-15 | 16-18 | 19-21 | 22-24 || total
---------------------------+-------+-------+-------+-------+-------+-------+-------+-------++-------
  Melee: Unarmed           |   115 |   184 |   376 |   730 |  1435 |   998 |  1664 |  1286 ||  6788
         Punch             |     2 |     5 |     9 |       |       |       |       |       ||    16
         Peck              |       |       |       |       |       |       |       |    26 ||    26
  Throw: Javelin           |       |       |       |       |     3 |       |    11 |    12 ||    26
         Large rock        |       |       |       |       |    15 |    88 |   200 |   116 ||   419
 Invoke: Draw Destruction  |       |       |     6 |     7 |    27 |    26 |    12 |     8 ||    86
         Draw Summoning    |       |       |     3 |     4 |     7 |     9 |     8 |     6 ||    37
         Triple Draw       |       |       |       |     1 |       |       |       |       ||     1
         Draw Escape       |       |       |       |     1 |     2 |     8 |     5 |     1 ||    17
         Deal Four         |       |       |       |       |       |     3 |     4 |     8 ||    15
         Stack Five        |       |       |       |       |       |       |       |     1 ||     1
  Evoke: Wand              |       |     4 |    10 |     7 |     4 |     4 |     6 |     1 ||    36
         Tin of tremorston |       |       |       |       |     2 |     4 |     2 |       ||     8
    Use: Potion            |     2 |       |       |     2 |     3 |    10 |     8 |    11 ||    36
         Scroll            |       |     3 |     4 |    11 |    16 |     1 |    14 |    15 ||    64
   Stab: Sleeping          |       |     1 |       |       |     2 |       |     2 |       ||     5
         Petrified         |       |       |       |    10 |       |       |       |    12 ||    22
         Distracted        |       |       |       |       |     3 |     3 |       |     2 ||     8
         Paralysed         |       |       |       |       |       |       |       |     1 ||     1
 Armour: Robe              |    41 |     7 |    22 |    27 |       |       |       |       ||    97
         Animal skin       |       |    34 |    72 |       |   323 |   431 |   201 |       ||  1061
         Steam dragon scal |       |       |       |   153 |    74 |       |       |       ||   227
         Gold dragon scale |       |       |       |       |       |       |   385 |   589 ||   974
  Dodge: Dodged            |    63 |    65 |    99 |   170 |   264 |   317 |   263 |   130 ||  1371
  Block: Other             |    10 |    32 |    36 |       |       |       |       |       ||    78
         Kite shield       |       |       |   107 |   539 |   856 |   699 |   646 |       ||  2847
         Reflection        |       |       |     7 |    10 |    44 |       |       |       ||    61
         Tower shield      |       |       |       |       |   282 |       |   412 |   972 ||  1666

Table legend: (Time is in decaauts)
 A = Elapsed time spent in this place.
 B = Non-inter-level travel time spent in this place.
 C = Inter-level travel time spent in this place.
 D = Time resting spent in this place.
 E = Time spent auto-exploring this place.
 F = Levels seen in this place.
 G = Mean time per level.
                   A        B        C        D        E       F      G
               +--------+--------+--------+--------+--------+-----+--------+
         Total |  56900 |  52068 |   4832 |   6767 |  27564 |  54 | 1053.7 |
       Dungeon |  14618 |  12628 |   1990 |    253 |   9020 |  15 |  974.5 |
        Temple |    107 |     95 |     12 |      0 |     82 |   1 |  107.0 |
          Lair |   6911 |   5929 |    982 |    548 |   3710 |   5 | 1382.2 |
        Shoals |   2384 |   2298 |     86 |    566 |    549 |   4 |  596.0 |
   Spider Nest |   6183 |   5927 |    256 |   1462 |   2285 |   4 | 1545.8 |
  Orcish Mines |   1616 |   1346 |    270 |      0 |    962 |   2 |  808.0 |
   Elven Halls |   5969 |   5456 |    513 |   1489 |   2038 |   3 | 1989.7 |
        Vaults |  10022 |   9687 |    335 |   1391 |   5278 |   4 | 2505.5 |
        Depths |   5599 |   5213 |    386 |    420 |   3388 |   4 | 1399.8 |
          Hell |      1 |      1 |      0 |      0 |      0 |   1 |    1.0 |
           Zot |   2524 |   2524 |      0 |    637 |    189 |   5 |  504.8 |
         Abyss |    795 |    795 |      0 |      0 |      0 |   4 |  198.8 |
         Sewer |    141 |    141 |      0 |      0 |     63 |   1 |  141.0 |
    Desolation |     25 |     25 |      0 |      0 |      0 |   1 |   25.0 |
               +--------+--------+--------+--------+--------+-----+--------+

Top non-repeatable levels by time:
Vaults:1: 2810 daAuts
Vaults:2: 2638 daAuts
   Elf:3: 2612 daAuts
Vaults:3: 2598 daAuts
   Zot:5: 2132 daAuts
Depths:2: 2047 daAuts
Spider:2: 2006 daAuts
Vaults:4: 1975 daAuts
   Elf:2: 1882 daAuts
     D:9: 1730 daAuts
  Lair:5: 1678 daAuts
Spider:4: 1630 daAuts
  Lair:3: 1554 daAuts
   Elf:1: 1475 daAuts
Spider:3: 1371 daAuts
